 Dungeon Crawl Stone Soup version 0.25-a0-287-g56a5b49892 (webtiles) character file.

Game seed: 60071172245335359, levelgen mode: deterministic

6068 EWolf27 the Basher (level 10, -18/68 HPs)
             Began as a Gargoyle Fighter on Dec 11, 2019.
             Was an Elder of Okawaru.
             Demolished by a two-headed ogre
             ... wielding a +0 giant club
              (19 damage)
             ... on level 8 of the Dungeon on Dec 12, 2019.
             The game lasted 01:08:48 (12422 turns).

EWolf27 the Basher (Gargoyle Fighter)              Turns: 12422, Time: 01:08:49

Health: -18/68     AC: 21    Str: 23    XL:     10   Next: 87%
Magic:  10/10      EV:  4    Int:  9    God:    Okawaru [****..]
Gold:   338        SH: 10    Dex:  9    Spells: 9/9 levels left

rFire    . . .     SeeInvis .   a - +0 morningstar
rCold    . . .     Gourm    .   c - +1 shield
rNeg     + . .     Faith    .   G - +0 plate armour
rPois    ∞         Spirit   .   r - +0 helmet
rElec    +         Reflect  .   (no cloak)
rCorr    .         Harm     .   m - +0 pair of gloves
MR       .....                  (no boots)
Stlth    ..........             (no amulet)
HPRegen  0.21/turn              (no ring)
MPRegen  0.12/turn              (no ring)

@: no status effects
A: negative energy resistance 1, electricity resistance, unbreathing,
petrification resistance, rot immunity, AC +7
a: Heroism, Renounce Religion


You were on level 8 of the Dungeon.
You worshipped Okawaru.
Okawaru was greatly pleased with you.
You were not hungry.

You visited 2 branches of the dungeon, and saw 9 of its levels.

You collected 338 gold pieces.

Inventory:

Hand Weapons
 a - a +0 morningstar (weapon)
 b - the +10 dagger of the Abyss {holy, rN+ Str+4 Int+3 Stlth+}
   (You found it on level 5 of the Dungeon)

   It has been blessed by the Shining One to cause great damage to the undead
   and demons.
   It affects your strength (+4).
   It affects your intelligence (+3).
   It protects you from negative energy.
   It makes you more stealthy.
 u - a +2 whip of flaming
Missiles
 g - 213 stones (quivered)
Armour
 c - a +1 shield (worn)
 m - a +0 pair of gloves (worn)
 r - a +0 helmet (worn)
 G - a +0 plate armour (worn)
Wands
 w - a wand of polymorph (9)
 y - a wand of flame (36)
Scrolls
 h - a scroll of magic mapping
 i - a scroll of identify
 n - a scroll of fog {unknown}
 p - a scroll of silence {unknown}
 t - 5 scrolls of remove curse
 v - a scroll of enchant weapon {unknown}
 B - 3 scrolls of enchant armour
 D - 2 scrolls of noise {unknown}
Potions
 d - 2 potions of heal wounds {unknown}
 e - 2 potions of curing
 j - a potion of haste {unknown}
 l - 2 potions of lignification
 q - a potion of ambrosia {unknown}
 z - a potion of agility
 A - a potion of resistance {unknown}
Comestibles
 f - 12 rations
 k - 2 chunks of flesh


   Skills:
 + Level 10.4 Fighting
 - Level 3.2 Short Blades
 * Level 12.0 Maces & Flails
 + Level 5.0 Armour
 - Level 3.2 Shields


You had 9 spell levels left.
You didn't know any spells.
Your spell library was empty.

Dungeon Overview and Level Annotations

Branches:
Dungeon (8/15)             Temple (1/1) D:6
   Lair: D:8-11

Altars:
Ashenzari
Cheibriados
Dithmenos
Elyvilon
Fedhas
Gozag
Hepliaklqana
Kikubaaqudgha
Makhleb
Nemelex Xobeh
Okawaru
Qazlal
Ru
Sif Muna
Trog
Uskayaw
Vehumet
Wu Jian
Xom
Yredelemnul
Zin
The Shining One

Shops:
D:5 (


Innate Abilities, Weirdness & Mutations

You are resistant to torment.
Your stone body is resilient. (AC +7)
You are immune to poison.
You resist negative energy. (rN+)
You are resistant to electric shocks. (rElec)
You can survive without breathing.
You are immune to petrification.
You are immune to rotting.


Message History

You closely miss the two-headed ogre.
The two-headed ogre is lightly wounded.
The two-headed ogre hits you but does no damage.
The two-headed ogre barely misses you.
You hit the two-headed ogre but do no damage.
The two-headed ogre is lightly wounded.
The two-headed ogre barely misses you.
The two-headed ogre hits you with a +0 giant club!!
You barely miss the two-headed ogre.
The two-headed ogre is lightly wounded.
The two-headed ogre hits you with a +0 giant club!!
* * * LOW HITPOINT WARNING * * *
You block the two-headed ogre's attack.
You climb downwards.
The orc warrior barely misses you.
The orc priest hits you but does no damage.
There is a stone staircase leading up here.
The two-headed ogre hits you with a +0 giant club!
* * * LOW HITPOINT WARNING * * *
The two-headed ogre hits you with a +0 giant club!!
You die... #.#.. ##.#P ... ...PF. #o# o.o.o #)# hPor ######.### .oF

#.....(((# l.
#!.....(.# .# .
#......(@##?##...#
#......Oo.J.......
#........#o.......
#.......(##.##$..#
#........# .# ..#
#######.## .# #
#.# .# #.# .# #..
.#


You could see a two-headed ogre, an orc warrior, a jelly, an orc priest and an
orc.

Vanquished Creatures
  Harold (D:7)
  Pikel (D:7)
  A kobold demonologist (D:7)
  A hornet (D:6)
  2 hogs (D:7)
  A human (D:7)
  A steam dragon (D:7)
  Menkaure (D:4)
  Edmund (D:5)
  A porcupine (D:7)
  A water moccasin (D:7)
  A black bear (D:7)
  2 ice beasts
  A sky beast (D:7)
  5 ogres
  2 orc warriors
  7 centaurs
  5 bullfrogs
  4 scorpions
  A wyvern skeleton (D:8)
  2 howler monkeys
  2 crimson imps
  A bullfrog zombie (D:4)
  2 centaur zombies (D:6)
  3 jellies
  A centaur skeleton (D:5)
  4 orc priests
  10 orc wizards
  Jessica (D:2)
  2 iguanas
  Ijyb (D:3)
  Terence (D:3)
  Natasha (thrice) (D:3)
  3 worker ants
  Robin (D:2)
  A worker ant zombie (D:6)
  11 adders
  7 gnolls
  2 howler monkey skeletons
  3 shadow imps
  An ooze (D:7)
  An adder skeleton (D:7)
  3 dart slugs
  2 worms
  2 leopard geckos (D:1)
  30 orcs
  A ball python (D:1)
  5 giant cockroaches
  19 goblins
  12 hobgoblins
  7 jackals
  8 kobolds
  A quokka (D:7)
  A ball python skeleton (D:3)
  6 bats
  A frilled lizard (D:1)
  A jackal skeleton (D:4)
  A quokka skeleton (D:4)
  5 rats
208 creatures vanquished.

Vanquished Creatures (others)
  3 slaves (D:7)
  A bullfrog (D:7)
  26 fungi (D:8)
  9 plants (D:8)
39 creatures vanquished.

Grand Total: 247 creatures vanquished

Notes
Turn   | Place    | Note
-------+----------+-------------------------------------------
     0 | D:1      | EWolf27 the Gargoyle Fighter began the quest for the Orb.
     0 | D:1      | Reached XP level 1. HP: 14/14 MP: 1/1
   100 | D:1      | Reached XP level 2. HP: 19/19 MP: 2/2
   328 | D:1      | Reached skill level 3 in Maces & Flails
   551 | D:1      | Reached XP level 3. HP: 20/23 MP: 3/3
  1321 | D:2      | Reached skill level 4 in Maces & Flails
  1350 | D:2      | Reached XP level 4. HP: 28/28 MP: 4/4
  1368 | D:2      | Noticed Jessica
  1378 | D:2      | Killed Jessica
  1559 | D:2      | Noticed Robin
  1572 | D:2      | Killed Robin
  1743 | D:2      | Found a bloodstained altar of Trog.
  1745 | D:2      | Reached skill level 5 in Maces & Flails
  1745 | D:2      | Reached XP level 5. HP: 32/32 MP: 5/5
  2300 | D:3      | Noticed Natasha
  2508 | D:3      | Noticed Ijyb
  2532 | D:3      | Killed Ijyb
  2606 | D:3      | Killed Natasha
  2621 | D:3      | Noticed Terence
  2638 | D:3      | Killed Terence
  2638 | D:3      | Reached skill level 6 in Maces & Flails
  2638 | D:3      | Reached XP level 6. HP: 37/37 MP: 6/6
  2672 | D:3      | Noticed Natasha
  2687 | D:3      | Killed Natasha
  2704 | D:3      | Found a shimmering altar of Xom.
  2705 | D:3      | Found an iron altar of Okawaru.
  2715 | D:3      | Became a worshipper of Warmaster Okawaru
  2740 | D:3      | Noticed Natasha
  2749 | D:3      | Killed Natasha
  3396 | D:3      | Reached skill level 7 in Maces & Flails
  3729 | D:4      | Reached XP level 7. HP: 35/41 MP: 7/7
  3966 | D:4      | Noticed Menkaure
  5142 | D:5      | Entered Level 5 of the Dungeon
  5160 | D:5      | Reached skill level 8 in Maces & Flails
  5254 | D:5      | Found a sacrificial altar of Ru.
  5263 | D:5      | Got a dazzling dagger
  5265 | D:5      | Identified the +10 dagger of the Abyss {holy, rN+ Str+4
                  | Int+3 Stlth+} (You found it on level 5 of the Dungeon)
  5288 | D:5      | Reached skill level 1 in Short Blades
  5446 | D:5      | Found a stormy altar of Qazlal.
  5570 | D:5      | Found Cerregil's Weapon Shoppe.
  5575 | D:5      | Found a shimmering altar of Xom.
  5586 | D:5      | Reached * piety under Okawaru
  5641 | D:5      | Noticed Edmund
  5667 | D:5      | Killed Edmund
  5667 | D:5      | Reached XP level 8. HP: 46/48 MP: 8/8
  6268 | D:6      | Found a glowing silver altar of Zin.
  6303 | D:6      | Reached skill level 5 in Fighting
  6345 | D:6      | Reached ** piety under Okawaru
  6674 | D:6      | Found a glowing golden altar of the Shining One.
  6719 | D:6      | Reached skill level 9 in Maces & Flails
  6745 | D:6      | Found a staircase to the Ecumenical Temple.
  6773 | Temple   | Entered the Ecumenical Temple
  7206 | D:6      | Reached XP level 9. HP: 53/56 MP: 9/9
  7320 | D:7      | Noticed Harold
  7327 | D:7      | Upgraded the game from 0.25-a0-283-ge7e91ba8d0 to
                  | 0.25-a0-287-g56a5b49892
  7666 | D:7      | Noticed a hornet
  7706 | D:6      | HP: 2/57 [hornet (10)]
  8038 | D:6      | Killed a hornet
  8219 | D:7      | Got a jewelled ring mail
  8220 | D:7      | Identified the +1 ring mail "Jodufoeg" {rElec rF+ MP+9}
                  | (You found it on level 7 of the Dungeon)
  9365 | D:4      | Killed Menkaure
  9365 | D:4      | Reached skill level 10 in Maces & Flails
 10074 | D:7      | Reached *** piety under Okawaru
 10209 | D:7      | Noticed Pikel
 10230 | D:7      | Killed Pikel
 10300 | D:7      | Found a hazy altar of Hepliaklqana.
 10427 | D:7      | Reached XP level 10. HP: 64/66 MP: 10/10
 10799 | D:7      | Reached skill level 11 in Maces & Flails
 10845 | D:7      | Noticed a kobold demonologist
 10845 | D:7      | Noticed a two-headed ogre
 10846 | D:7      | Noticed a seven-headed hydra
 11052 | D:8      | Reached **** piety under Okawaru
 11299 | D:7      | Reached skill level 10 in Fighting
 11443 | D:7      | Killed Harold
 12167 | D:7      | Killed a kobold demonologist
 12305 | D:7      | Reached skill level 12 in Maces & Flails
 12323 | D:7      | Reached skill level 5 in Armour
 12422 | D:8      | HP: 1/68 [two-headed ogre/+0 giant club (10)]
 12422 | D:8      | Demolished by a two-headed ogre

Levels and vault maps discovered:
D:1:      dpeg_arrival_connections, layout_basic
D:2:      layout_loops_ring, first_ration, bloody_trog, uniq_jessica, uniq_robin
D:3:      layout_rooms, gammafunk_temple_overflow_statue, minmay_ogre_servants,
          uniq_ijyb, uniq_natasha, uniq_terence
D:4:      layout_layer_cave, uniq_menkaure
D:5:      layout_gridville, lemuel_crystal_altar, kennysheep_little_box,
          serial_shops, shop, xom_teletrap_fun, uniq_edmund
D:6:      layout_rooms, zin_statuary, minmay_temple_entry_ruins, tso_altar
D:7:      minmay_chambers_of_sevens, layout_basic,
          lemuel_coloured_pillars_altar, grunt_livestock,
          hangedman_decor_diamond_cutter, kennysheep_generic_room_8,
          uniq_harold, uniq_pikel
D:8:      layout_rooms, due_lair_maze_entry_diamond, uniq_erica
Temple:   regret_index_temple_sphere_string

Skill      XL: |  1  2  3  4  5  6  7  8  9 10 |
---------------+-------------------------------+-----
Maces & Flails | 3 4 5 6 7 8 9 10 12 | 12.0
Short Blades   | 3 |  3.2
Fighting       | 4 6 9 10 | 10.4
Armour         | 5 |  5.0
Shields        | |  3.2

Action                   |  1- 3 |  4- 6 |  7- 9 | 10-12 || total
-------------------------+-------+-------+-------+-------++-------
Melee: Flail             |   124 |   209 |    75 |       ||   408
       Dagger            |       |       |    70 |       ||    70
       Morningstar       |       |       |   293 |   187 ||   480
Invok: Heroism           |       |       |     2 |     1 ||     3
  Use: Scroll            |       |     4 |    11 |     5 ||    20
       Potion            |       |       |     1 |       ||     1
 Stab: Distracted        |       |     1 |       |       ||     1
  Eat: Chunk             |     2 |     5 |     3 |     1 ||    11
       Ration            |       |     2 |     4 |     2 ||     8
Armor: Scale mail        |    66 |   106 |    93 |       ||   265
       Chain mail        |       |       |   127 |    26 ||   153
       Plate armour      |       |       |       |    97 ||    97
Dodge: Dodged            |    41 |    51 |   114 |    31 ||   237
Block: Shield            |    79 |   122 |   210 |    78 ||   489

Table legend:
 A = Non-vault XP
 B = Vault XP
 C = Vault XP percentage of total XP
 D = Non-vault monster count
 E = Vault monster count
 F = Vault count percentage of total count
                 A         B        C        D         E       F
            +---------+---------+-------+---------+---------+-------
      Total |    4278 |    4391 |  50.7 |     166 |      42 |  20.2
            +---------+---------+-------+---------+---------+-------
        D:1 |      48 |       2 |   4.0 |      25 |       1 |   3.8
        D:2 |      88 |      67 |  43.2 |      15 |       9 |  37.5
        D:3 |     161 |     244 |  60.2 |      21 |      12 |  36.4
        D:4 |     339 |     172 |  33.7 |      20 |       1 |   4.8
        D:5 |     535 |     158 |  22.8 |      17 |       1 |   5.6
        D:6 |    1265 |       0 |   0.0 |      30 |       0 |   0.0
        D:7 |    1240 |    3567 |  74.2 |      27 |      16 |  37.2
        D:8 |     602 |     181 |  23.1 |      11 |       2 |  15.4
            +---------+---------+-------+---------+---------+-------
